MLB
MIAMI MARLINS @ NEW YORK METS
09/10/2044
 
TOP OF THE 1ST
Miami Marlins batting - Pitching for New York Mets : LHP Lewis Thorpe Jr.
Pitching: LHP Lewis Thorpe Jr.
Batting: RHB Jeff Garofalo 0-0: Ball
1-0: Ball
2-0: Called Strike
2-1: Called Strike
2-2: Ball
3-2: DOUBLE (Flyball, 89XD, EV 110.0 MPH)
Batting: RHB Justin Huff 0-0: Ball
1-0: Foul Ball, location: 2F
1-1: Ball
2-1: Foul Ball, location: 2F
2-2: Strikes out swinging
Batting: LHB Andre Gorter 0-0: Called Strike
0-1: Hit by Pitch
Batting: RHB Jimmy Groseclose 0-0: Ball
1-0: Fielders Choice at 2nd, 6-4 (Groundball, 56D, EV 103.8 MPH)
Jeff Garofalo to third
Batting: RHB Mark Barger 0-0: Ball
1-0: Ball
2-0: Called Strike
2-1: Called Strike
2-2: Foul Ball, location: 2F
2-2: Ground out 4-3 (Groundball, 4, EV 104.4 MPH)
Top of the 1st over - 0 runs, 1 hit, 0 errors, 2 left on base; Miami 0 - New York 0
BOTTOM OF THE 1ST
New York Mets batting - Pitching for Miami Marlins : RHP Ray Duncan
Pitching: RHP Ray Duncan
Batting: SHB Javy Rosa 0-0: Called Strike
0-1: Foul Ball, location: 2F
0-2: Ball
1-2: DOUBLE (Line Drive, 7LS, EV 109.4 MPH)
Batting: SHB Nelle van den Berg 0-0: Ball
1-0: SINGLE (Groundball, 56D, EV 94.4 MPH)
Javy Rosa to third
Runner from 3rd tries for Home, SAFE, throw by LF to home
Batting: SHB Jonathan Jenkins 0-0: Foul Ball, location: 2F
0-1: Ball
Nelle van den Berg is caught stealing 2nd base 2-6
1-1: SOLO HOME RUN (Flyball, 7D, EV 99.4 MPH), Distance : 371 ft
Batting: SHB Sean Cook 0-0: Swinging Strike
0-1: Ball
1-1: Called Strike
1-2: Ball
2-2: Foul Ball, location: 2F
2-2: Strikes out swinging
Batting: SHB Harry Hoop 0-0: Called Strike
0-1: Ball
1-1: Ball
2-1: Ball
3-1: Foul Ball, location: 2F
3-2: Fly out, F9 (Flyball, 89S, EV 96.9 MPH)
Bottom of the 1st over - 2 runs, 3 hits, 0 errors, 0 left on base; Miami 0 - New York 2
TOP OF THE 2ND
Miami Marlins batting - Pitching for New York Mets : LHP Lewis Thorpe Jr.
Batting: RHB Roger Salazar 0-0: Ball
1-0: Ground out 6-3 (Groundball, 6, EV 88.8 MPH)
Batting: RHB Seth Tramontano 0-0: Swinging Strike
0-1: Ball
1-1: Fly out, F7 (Flyball, 7S, EV 88.1 MPH)
Batting: RHB Micah Christopher 0-0: Swinging Strike
0-1: Ball
1-1: Swinging Strike
1-2: Foul Ball, location: 2F
1-2: Ball
2-2: Foul Ball, location: 2F
2-2: Foul Ball, location: 2F
2-2: Ball
3-2: Base on Balls
Batting: RHB Steve Barnard 0-0: Called Strike
0-1: Foul Ball, location: 2F
0-2: Ball
1-2: Strikes out swinging
Top of the 2nd over - 0 runs, 0 hits, 0 errors, 1 left on base; Miami 0 - New York 2
BOTTOM OF THE 2ND
New York Mets batting - Pitching for Miami Marlins : RHP Ray Duncan
Batting: SHB Gus Berry 0-0: Called Strike
0-1: Foul Ball, location: 2F
0-2: Ball
1-2: Fly out, F7 (Flyball, 78XD, EV 90.6 MPH)
Batting: SHB Kaname Fujimoto 0-0: Foul Ball, location: 2F
0-1: Fly out, F6 (Popup, 6, EV 51.3 MPH)
Batting: LHB Timo Gomez 0-0: Foul Ball, location: 2F
0-1: Ball
1-1: Ball
2-1: Swinging Strike
2-2: Foul Ball, location: 2F
2-2: Ball
3-2: Strikes out swinging
Bottom of the 2nd over - 0 runs, 0 hits, 0 errors, 0 left on base; Miami 0 - New York 2
TOP OF THE 3RD
Miami Marlins batting - Pitching for New York Mets : LHP Lewis Thorpe Jr.
Batting: RHB Jeff Garofalo 0-0: Ground out 4-3 (Groundball, 4M, EV 90.0 MPH)
Batting: RHB Justin Huff 0-0: Called Strike
0-1: Fly out, F8 (Flyball, 8LXD, EV 82.5 MPH)
Batting: LHB Andre Gorter 0-0: Ball
1-0: Ball
2-0: Foul Ball, location: 2F
2-1: Called Strike
2-2: Ground out 4-3 (Groundball, 4MD, EV 85.6 MPH)
Top of the 3rd over - 0 runs, 0 hits, 0 errors, 0 left on base; Miami 0 - New York 2
BOTTOM OF THE 3RD
New York Mets batting - Pitching for Miami Marlins : RHP Ray Duncan
Batting: SHB Tomas Caldera 0-0: Ground out 4-3 (Groundball, 4S, EV 60.6 MPH)
Batting: SHB Javy Rosa 0-0: Ball
1-0: Called Strike
1-1: DOUBLE (Groundball, 3L, EV 95.6 MPH)
Batting: SHB Nelle van den Berg 0-0: Called Strike
0-1: Foul Ball, location: 2F
0-2: Ball
1-2: Ball
2-2: Ground out U3 (Groundball, 34S, EV 68.1 MPH)
Javy Rosa to third
Batting: SHB Jonathan Jenkins 0-0: Ball
Wild Pitch!
Javy Rosa scores
1-0: Fly out, F7 (Flyball, 7LS, EV 88.1 MPH)
Bottom of the 3rd over - 1 run, 1 hit, 0 errors, 0 left on base; Miami 0 - New York 3
TOP OF THE 4TH
Miami Marlins batting - Pitching for New York Mets : LHP Lewis Thorpe Jr.
Batting: RHB Jimmy Groseclose 0-0: Ball
1-0: Foul Ball, location: 2F
1-1: SOLO HOME RUN (Flyball, 78XD, EV 113.1 MPH), Distance : 421 ft
Batting: RHB Mark Barger 0-0: Foul Ball, location: 2F
0-1: Ball
1-1: SINGLE (Line Drive, 78M, EV 108.1 MPH)
Batting: RHB Roger Salazar 0-0: Fly out, F8 (Flyball, 8LD, EV 80.0 MPH)
Batting: RHB Seth Tramontano 0-0: Ball
1-0: DOUBLE (Line Drive, 89D, EV 107.5 MPH)
Mark Barger to third
Runner from 3rd tries for Home, SAFE, no throw by RF
Batting: RHB Micah Christopher 0-0: Called Strike
0-1: Ball
1-1: Foul Ball, location: 2F
1-2: Strikes out swinging
Batting: RHB Steve Barnard 0-0: Ground out 6-3 (Groundball, 6S, EV 85.0 MPH)
Top of the 4th over - 2 runs, 3 hits, 0 errors, 1 left on base; Miami 2 - New York 3
BOTTOM OF THE 4TH
New York Mets batting - Pitching for Miami Marlins : RHP Ray Duncan
Batting: SHB Sean Cook 0-0: Foul Ball, location: 2F
0-1: Ball
1-1: Swinging Strike
1-2: Foul Ball, location: 2F
1-2: Ball
2-2: Fly out, F8 (Flyball, 8LM, EV 89.4 MPH)
Batting: SHB Harry Hoop 0-0: Ball
1-0: Foul Ball, location: 2F
1-1: SINGLE (Groundball, 13S, EV 68.8 MPH) (infield hit)
Batting: SHB Gus Berry 0-0: Called Strike
Harry Hoop steals 2nd, throwing error, E2
Harry Hoop to third
0-1: Ball
1-1: Ball
2-1: Ball
3-1: Called Strike
3-2: Fly out, F8 (Flyball, 8LS, EV 85.0 MPH)
Batting: SHB Kaname Fujimoto 0-0: Ball
1-0: Foul Ball, location: 2F
1-1: Swinging Strike
1-2: Ball
2-2: Foul Ball, location: 2F
2-2: Ball
3-2: Foul Ball, location: 2F
3-2: Ground out 1-3 (Groundball, 13S, EV 70.0 MPH)
Bottom of the 4th over - 0 runs, 1 hit, 1 error, 1 left on base; Miami 2 - New York 3
TOP OF THE 5TH
Miami Marlins batting - Pitching for New York Mets : LHP Lewis Thorpe Jr.
Batting: RHB Jeff Garofalo 0-0: Foul Ball, location: 2F
0-1: Called Strike
0-2: Foul Ball, location: 2F
0-2: Ball
1-2: Strikes out swinging
Batting: RHB Justin Huff 0-0: Ball
1-0: Foul Ball, location: 2F
1-1: Ball
2-1: Ball
3-1: Called Strike
3-2: Base on Balls
Batting: LHB Andre Gorter 0-0: Ball
1-0: Swinging Strike
1-1: Ball
2-1: Fielders Choice at 2nd, 3-6 (Groundball, 34, EV 87.5 MPH)
Batting: RHB Jimmy Groseclose 0-0: Ball
1-0: Ball
2-0: Ball
Wild Pitch!
Andre Gorter to second
3-0: Called Strike
3-1: Fly out, F6 (Popup, 4MS, EV 83.1 MPH)
Top of the 5th over - 0 runs, 0 hits, 0 errors, 1 left on base; Miami 2 - New York 3
BOTTOM OF THE 5TH
New York Mets batting - Pitching for Miami Marlins : RHP Ray Duncan
Batting: LHB Timo Gomez 0-0: Foul Ball, location: 2F
0-1: Ball
1-1: Ground out 4-3 (Groundball, 4M, EV 80.0 MPH)
Batting: SHB Tomas Caldera 0-0: Ball
1-0: Ground out 4-3 (Groundball, 4M, EV 91.9 MPH)
Batting: SHB Javy Rosa 0-0: Ball
1-0: Ball
2-0: Foul Ball, location: 2F
2-1: Foul Ball, location: 2F
2-2: Foul Ball, location: 2F
2-2: Ground out 5-3 (Groundball, 56, EV 85.6 MPH)
Bottom of the 5th over - 0 runs, 0 hits, 0 errors, 0 left on base; Miami 2 - New York 3
TOP OF THE 6TH
Miami Marlins batting - Pitching for New York Mets : LHP Lewis Thorpe Jr.
Batting: RHB Mark Barger 0-0: Ball
1-0: Fly out, F7 (Flyball, 7LM, EV 83.1 MPH)
Batting: RHB Roger Salazar 0-0: Called Strike
0-1: Foul Ball, location: 2F
0-2: Ball
1-2: Strikes out swinging
Batting: RHB Seth Tramontano 0-0: SOLO HOME RUN (Flyball, 9LD, EV 93.8 MPH), Distance : 341 ft
Batting: RHB Micah Christopher 0-0: Called Strike
0-1: SINGLE (Groundball, 34D, EV 101.3 MPH)
Batting: RHB Steve Barnard 0-0: Called Strike
0-1: SINGLE (Line Drive, 4D, EV 100.0 MPH)
Micah Christopher to second
Runner from 2nd tries for 3rd, SAFE, throw by CF made to third
Batting: RHB Jeff Garofalo 0-0: Called Strike
0-1: Ball
1-1: Swinging Strike
1-2: Fly out, F9 (Flyball, 89D, EV 111.9 MPH)
Top of the 6th over - 1 run, 3 hits, 0 errors, 2 left on base; Miami 3 - New York 3
BOTTOM OF THE 6TH
New York Mets batting - Pitching for Miami Marlins : RHP Ray Duncan
Batting: SHB Nelle van den Berg 0-0: Called Strike
0-1: Ball
1-1: Swinging Strike
1-2: Ball
2-2: Fly out, F9 (Flyball, 9, EV 94.4 MPH)
Batting: SHB Jonathan Jenkins 0-0: Called Strike
0-1: Foul Ball, location: 2F
0-2: Foul Ball, location: 2F
0-2: Foul Ball, location: 2F
0-2: Ball
1-2: SOLO HOME RUN (Flyball, 9LD, EV 95.0 MPH), Distance : 355 ft
Batting: SHB Sean Cook 0-0: Ball
1-0: Ball
2-0: Ball
3-0: Base on Balls
Batting: SHB Harry Hoop 0-0: Ball
1-0: Called Strike
1-1: Ball
2-1: Ball
3-1: Base on Balls
Sean Cook to second
Batting: SHB Gus Berry 0-0: Foul Ball, location: 2F
0-1: Foul Ball, location: 2F
0-2: Foul Ball, location: 2F
0-2: Ball
1-2: Ball
2-2: Ball
3-2: Grounds into double play, 4-6-3 (Groundball, 4M, EV 81.9 MPH)
Bottom of the 6th over - 1 run, 1 hit, 0 errors, 1 left on base; Miami 3 - New York 4
TOP OF THE 7TH
Miami Marlins batting - Pitching for New York Mets : LHP Lewis Thorpe Jr.
Batting: RHB Justin Huff 0-0: Ball
1-0: Called Strike
1-1: Fly out, F5 (Popup, 5SF, EV 82.5 MPH)
Batting: LHB Andre Gorter 0-0: Ground out U3 (Groundball, 3, EV 81.3 MPH)
Batting: RHB Jimmy Groseclose 0-0: Swinging Strike
0-1: Foul Ball, location: 2F
0-2: Ball
1-2: Ball
2-2: Strikes out swinging
Top of the 7th over - 0 runs, 0 hits, 0 errors, 0 left on base; Miami 3 - New York 4
BOTTOM OF THE 7TH
New York Mets batting - Pitching for Miami Marlins : RHP Ray Duncan
Pitching: LHP Patrick Meesters
Batting: SHB Kaname Fujimoto 0-0: Ground out 6-3 (Groundball, 6, EV 78.8 MPH)
Batting: LHB Timo Gomez 0-0: Ball
1-0: Called Strike
1-1: Swinging Strike
1-2: Ball
2-2: Ball
3-2: Ground out U3 (Groundball, 3L, EV 91.3 MPH)
Batting: SHB Tomas Caldera 0-0: Ball
1-0: Ball
2-0: Ball
3-0: Foul Ball, location: 2F
3-1: Base on Balls
Batting: SHB Javy Rosa 0-0: Ball
1-0: Ball
2-0: Called Strike
2-1: Swinging Strike
2-2: Strikes out swinging
Bottom of the 7th over - 0 runs, 0 hits, 0 errors, 1 left on base; Miami 3 - New York 4
TOP OF THE 8TH
Miami Marlins batting - Pitching for New York Mets : LHP Lewis Thorpe Jr.
Pitching: LHP Sam Schrecengost
Batting: RHB Mark Barger 0-0: Foul Ball, location: 2F
0-1: Ball
1-1: Ground out 6-3 (Groundball, 15, EV 80.0 MPH)
Batting: RHB Roger Salazar 0-0: Foul Ball, location: 2F
0-1: Ball
1-1: Ball
2-1: Foul Ball, location: 2F
2-2: Strikes out swinging
Batting: RHB Seth Tramontano 0-0: Ball
1-0: Foul Ball, location: 2F
1-1: Foul Ball, location: 2F
1-2: Ball
2-2: Foul Ball, location: 2F
2-2: Ground out 4-3 (Groundball, 4, EV 83.1 MPH)
Top of the 8th over - 0 runs, 0 hits, 0 errors, 0 left on base; Miami 3 - New York 4
BOTTOM OF THE 8TH
New York Mets batting - Pitching for Miami Marlins : LHP Patrick Meesters
Batting: SHB Nelle van den Berg 0-0: SOLO HOME RUN (Flyball, 78XD, EV 104.4 MPH), Distance : 411 ft
Batting: SHB Jonathan Jenkins 0-0: Called Strike
0-1: Swinging Strike
0-2: Foul Ball, location: 2F
0-2: Ball
1-2: Ball
2-2: Strikes out swinging
Batting: SHB Sean Cook 0-0: Ball
1-0: Ball
2-0: Called Strike
2-1: Called Strike
2-2: Ball
3-2: Strikes out looking
Batting: SHB Harry Hoop 0-0: Ball
1-0: Ball
2-0: Called Strike
2-1: Foul Ball, location: 2F
2-2: Foul Ball, location: 2F
2-2: Strikes out swinging
Bottom of the 8th over - 1 run, 1 hit, 0 errors, 0 left on base; Miami 3 - New York 5
TOP OF THE 9TH
Miami Marlins batting - Pitching for New York Mets : LHP Sam Schrecengost
Pitching: LHP Kyae-sung Che
Now at C: Scott Bartholomew
Batting: RHB Micah Christopher 0-0: Ball
1-0: Ball
2-0: Swinging Strike
2-1: Foul Ball, location: 2F
2-2: Strikes out swinging
Batting: RHB Steve Barnard 0-0: Foul Ball, location: 2F
0-1: Foul Ball, location: 2F
0-2: Ball
1-2: Ball
2-2: Ball
3-2: Foul Ball, location: 2F
3-2: Base on Balls
Batting: RHB Jeff Garofalo 0-0: Ball
1-0: Ball
2-0: Called Strike
2-1: Foul Ball, location: 2F
2-2: Fly out, F7 (Flyball, 7LM, EV 102.5 MPH)
Batting: RHB Justin Huff 0-0: Called Strike
0-1: DOUBLE (Flyball, 78D, EV 104.4 MPH)
Steve Barnard to third
Batting: LHB Andre Gorter 0-0: Ball
1-0: Ball
2-0: Ball
3-0: Base on Balls
Batting: RHB Jimmy Groseclose 0-0: Ball
1-0: Called Strike
1-1: Foul Ball, location: 2F
1-2: Ball
2-2: Strikes out swinging
Top of the 9th over - 0 runs, 1 hit, 0 errors, 3 left on base; Miami 3 - New York 5
Thursday, March 31st , 2022 - OOTP Baseball 22.12 Build 89